 Dungeon Crawl Stone Soup version 0.28.0-1-gb440e238dd (webtiles) character file.

Game seed: 16840081001794939894

256 themarg the Shield-Bearer (level 6, -2/47 HPs)
             Began as a Gnoll Wanderer on Feb 20, 2022.
             Slain by an orc warrior (5 damage)
             ... on level 4 of the Dungeon.
             The game lasted 00:11:14 (3234 turns).

themarg the Shield-Bearer (Gnoll Wanderer)          Turns: 3234, Time: 00:11:15

Health: -2/47      AC:  6    Str: 10    XL:     6   Next: 15%
Magic:  11/11      EV: 10    Int: 12    God:
Gold:   140        SH:  5    Dex: 14    Spells: 10/11 levels left

rFire   . . .      SeeInvis .   b - +1 short sword (drain)
rCold   . . .      Faith    .   c - +0 buckler
rNeg    . . .      Spirit   .   i - +0 ring mail
rPois   .          Reflect  .   (no helmet)
rElec   .          Harm     .   (no cloak)
rCorr   .          Rampage  .   t - +0 pair of gloves
Will    .....                   (no boots)
Stlth   +.........              (no amulet)
HPRegen 0.15/turn               g - ring of wizardry
MPRegen 0.12/turn               (no ring)

@: no status effects
A: fangs 1, strong nose, distributed training
a: no special abilities


You were on level 4 of the Dungeon.
You visited 1 branch of the dungeon, and saw 4 of its levels.

You collected 140 gold pieces.

Inventory:

Hand Weapons
 a - a +2 hunting sling
 b - a +1 short sword of draining (weapon)
Missiles
 f - 9 sling bullets
 j - 95 stones (quivered)
 m - 4 atropa-tipped darts
Armour
 c - a +0 buckler (worn)
 i - a +0 ring mail (worn)
 t - a +0 pair of gloves (worn)
Jewellery
 g - a ring of wizardry (left hand)
Scrolls
 d - a scroll of amnesia {unknown}
 l - 3 scrolls of teleportation
 n - a scroll of identify
 p - a scroll of fog {unknown}
 q - a scroll of enchant armour {unknown}
Potions
 e - 2 potions of berserk rage
 h - a potion of might {unknown}
 k - a potion of haste {unknown}
 o - a potion of heal wounds {unknown}
 r - a potion of curing {unknown}
 s - a potion of lignification {unknown}
 u - a potion of degeneration {unknown}


   Skills:
 + Level 3.1 Fighting
 + Level 1.8 Short Blades
 + Level 1.8 Long Blades
 + Level 1.8 Axes
 + Level 1.8 Maces & Flails
 + Level 1.8 Polearms
 + Level 1.8 Staves
 + Level 4.9 Slings
 + Level 1.8 Bows
 + Level 1.8 Crossbows
 + Level 4.9 Throwing
 + Level 1.8 Armour
 + Level 1.8 Dodging
 + Level 1.8 Stealth
 + Level 4.9 Shields
 + Level 1.8 Unarmed Combat
 + Level 3.3 Spellcasting
 + Level 1.4 Conjurations
 + Level 1.4 Hexes
 + Level 1.4 Summonings
 + Level 1.4 Necromancy
 + Level 1.4 Translocations
 + Level 4.0 Transmutations
 + Level 1.4 Fire Magic
 + Level 1.4 Ice Magic
 + Level 1.4 Air Magic
 + Level 1.4 Earth Magic
 + Level 1.4 Poison Magic
 + Level 2.0 Invocations
 + Level 1.8 Evocations


You had 10 spell levels left.
You knew the following spells:

 Your Spells              Type           Power      Damage    Failure   Level
a - Beastly Appendage     Tmut           22%        N/A       6%          1

Your spell library contained the following spells:

 Spells                   Type           Power      Damage    Failure   Level
 Spider Form              Tmut/Pois      8%         N/A       28%         3


Dungeon Overview and Level Annotations

Branches:
Dungeon (4/15)
 Temple: D:4-7

Altars:
Dithmenos
Uskayaw

Annotations:
D:4 Edmund


Innate Abilities, Weirdness & Mutations

You have very sharp teeth.
Your uncanny sense of smell can sniff out nearby items.
Your experience applies equally to all skills.


Message History

The orc wizard shouts!
The orc warrior hits you with a +0 long sword!
You barely miss the orc warrior.
You bite the orc warrior, but do no damage.
The orc warrior is lightly wounded.
You block the orc warrior's attack.
You barely miss the orc warrior.
The orc warrior is lightly wounded.
The orc warrior hits you with a +0 long sword!
Edmund the Younger comes into view.
He is wielding a +5 flail of holy wrath.
You hit the orc warrior but do no damage.
You drain the orc warrior.
The orc warrior is moderately wounded.
You block the orc warrior's attack.
A ball python comes into view.
The ball python hisses angrily.
You hit the orc warrior but do no damage.
You bite the orc warrior, but do no damage.
The orc warrior is moderately wounded.
The orc warrior hits you but does no damage.
You barely miss the orc warrior.
The orc warrior is moderately wounded.
The orc wizard casts a spell.
The orc wizard flickers and vanishes!
Deactivating autopickup; reactivate with Ctrl-A.
The orc warrior hits you with a +0 long sword!
* * * LOW HITPOINT WARNING * * *
An endoplasm comes into view.
You closely miss the orc warrior.
The orc warrior is moderately wounded.
You block the orc warrior's attack.
You hit the orc warrior but do no damage.
You drain the orc warrior.
The orc warrior is moderately wounded.
The orc warrior hits you with a +0 long sword.
* * * LOW HITPOINT WARNING * * *
You closely miss the orc warrior.
The orc warrior is moderately wounded.
The orc warrior hits you with a +0 long sword.
You die...

#.............
#.............
#...........<.
#.............
#.............
#.............
##+#'#........
...#########.#.#.......#
..JS@{o@(...............
..#########......#......
#........#.#####
#.##.#.#......<. ...
....#.##.##.# ...
........ .#.#
.#..........#. #.#
#..........#.#.#.. #....


You could see Edmund, an orc warrior (drained), an endoplasm and a ball python.

Vanquished Creatures
  An ogre (D:4)
  An orc priest (D:3)
  An orc wizard (D:3)
  6 adders
  2 dart slugs
  3 orcs (D:3)
  7 bats
  3 endoplasms
  3 giant cockroaches (D:1)
  5 goblins
  3 hobgoblins
  3 jackals (D:2)
  6 kobolds
  A quokka (D:3)
  5 ball pythons
  5 frilled lizards
  5 rats
60 creatures vanquished.

Notes
Turn   | Place    | Note
-------+----------+-------------------------------------------
     0 | D:1      | themarg the Gnoll Wanderer began the quest for the Orb.
     0 | D:1      | themarg set off with the following items: a +2 hunting
                  | sling, 17 sling bullets, a +0 buckler, a +0 robe; and the
                  | following spell memorised: Beastly Appendage; and the
                  | following spells available to memorise: Spider Form
     0 | D:1      | Reached XP level 1. HP: 17/17 MP: 4/4
   148 | D:1      | Found a faded altar of an unknown god.
   161 | D:1      | Reached XP level 2. HP: 21/23 MP: 5/5
   669 | D:1      | Reached XP level 3. HP: 27/28 MP: 7/7
  1070 | D:2      | Reached skill level 1 in Invocations
  1434 | D:2      | Reached skill level 1 in Short Blades
  1434 | D:2      | Reached skill level 1 in Long Blades
  1434 | D:2      | Reached skill level 1 in Axes
  1434 | D:2      | Reached skill level 1 in Maces & Flails
  1434 | D:2      | Reached skill level 1 in Polearms
  1434 | D:2      | Reached skill level 1 in Staves
  1434 | D:2      | Reached skill level 1 in Bows
  1434 | D:2      | Reached skill level 1 in Crossbows
  1434 | D:2      | Reached skill level 1 in Armour
  1434 | D:2      | Reached skill level 1 in Dodging
  1434 | D:2      | Reached skill level 1 in Stealth
  1434 | D:2      | Reached skill level 1 in Unarmed Combat
  1434 | D:2      | Reached skill level 1 in Evocations
  1455 | D:2      | Reached XP level 4. HP: 31/34 MP: 8/8
  2189 | D:3      | Reached skill level 1 in Conjurations
  2189 | D:3      | Reached skill level 1 in Hexes
  2189 | D:3      | Reached skill level 1 in Summonings
  2189 | D:3      | Reached skill level 1 in Necromancy
  2189 | D:3      | Reached skill level 1 in Translocations
  2189 | D:3      | Reached skill level 1 in Fire Magic
  2189 | D:3      | Reached skill level 1 in Ice Magic
  2189 | D:3      | Reached skill level 1 in Air Magic
  2189 | D:3      | Reached skill level 1 in Earth Magic
  2189 | D:3      | Reached skill level 1 in Poison Magic
  2321 | D:3      | Reached XP level 5. HP: 40/40 MP: 7/9
  2557 | D:3      | Found a shadowy altar of Dithmenos.
  2577 | D:3      | Found a hide-covered altar of Uskayaw.
  2977 | D:4      | Noticed an ogre
  3039 | D:4      | Killed an ogre
  3040 | D:4      | Reached XP level 6. HP: 25/47 MP: 9/11
  3220 | D:4      | Noticed an orc warrior
  3228 | D:4      | Noticed Edmund
  3234 | D:4      | Slain by an orc warrior

Illustrated notes

Levels and vault maps discovered:
D:1:      amcnicky_arrival_gap_in_the_tavern_cellar, layout_loops_ring,
          shapermc_ecumenical_altar_starsandcircs
D:2:      layout_basic, grunt_decor_resistance
D:3:      layout_basic, mainiacjoe_overflow_swirl
D:4:      layout_basic, uniq_robin, uniq_edmund, uniq_ijyb

Skill      XL: |  1  2  3  4  5 |
---------------+----------------+-----
Invocations    | 1 2 |  2.0
Short Blades   | 1 |  1.8
Long Blades    | 1 |  1.8
Axes           | 1 |  1.8
Maces & Flails | 1 |  1.8
Polearms       | 1 |  1.8
Staves         | 1 |  1.8
Bows           | 1 |  1.8
Crossbows      | 1 |  1.8
Armour         | 1 |  1.8
Dodging        | 1 |  1.8
Stealth        | 1 |  1.8
Unarmed Combat | 1 |  1.8
Evocations     | 1 |  1.8
Spellcasting   | 3 |  3.3
Conjurations   | 1 |  1.4
Hexes          | 1 |  1.4
Summonings     | 1 |  1.4
Necromancy     | 1 |  1.4
Translocations | 1 |  1.4
Fire Magic     | 1 |  1.4
Ice Magic      | 1 |  1.4
Air Magic      | 1 |  1.4
Earth Magic    | 1 |  1.4
Poison Magic   | 1 |  1.4
Fighting       | 3 |  3.1
Transmutations | 4 |  4.0
Slings         | |  4.9
Throwing       | |  4.9
Shields        | |  4.9

Action                   |  1- 3 |  4- 6 || total
-------------------------+-------+-------++-------
Melee: Short sword       |    66 |    83 ||   149
       Bite              |     9 |     9 ||    18
       Headbutt          |       |     1 ||     1
       Kick              |       |     2 ||     2
 Fire: Hunting sling     |    47 |    29 ||    76
 Cast: Beastly Appendage |       |     1 ||     1
  Use: Scroll            |       |     2 ||     2
Armor: Robe              |     2 |       ||     2
       Ring mail         |    38 |    49 ||    87
Dodge: Dodged            |    62 |    38 ||   100
Block: Buckler           |    24 |    37 ||    61
